 Dungeon Crawl Stone Soup version 0.28-a0-1339-ga5422284a4 (webtiles) character file.

Game seed: 189576249068816498

54301 SkeletonJelly the Carver (level 14, -17/117 HPs)
             Began as a Red Draconian Monk on Dec 28, 2021.
             Was a High Priest of Makhleb.
             Demolished by an orc warrior (23 damage)
             ... on level 2 of the Orcish Mines on Dec 29, 2021.
             The game lasted 00:52:46 (20820 turns).

SkeletonJelly the Carver (Red Draconian Monk)      Turns: 20820, Time: 00:52:46

Health: -17/117    AC: 12    Str: 19    XL:     14   Next: 34%
Magic:  0/33       EV: 21    Int: 13    God:    Makhleb [*****.]
Gold:   1262       SH:  0    Dex: 20    Spells: 13/13 levels left

rFire   + . .      SeeInvis .   r - +4 scimitar (flame)
rCold   + . .      Faith    .   u - orb {light}
rNeg    . . .      Spirit   +   (armour unavailable)
rPois   .          Reflect  .   Q - +0 hat {Int+3}
rElec   .          Harm     .   A - +0 cloak "Han Kost" {-Cast Regen+ Dex+6}
rCorr   .          Rampage  .   (no gloves)
Will    +....      NoCast   +   P - +2 pair of boots
Stlth   +.........              s - amulet of guardian spirit
HPRegen 1.09/turn               w - ring of protection from cold
MPRegen 0.23/turn               f - ring of magical power

@: slowed, glowing, very slow
A: breathe fire, AC +8, unfitting armour, fire resistance 1, cold-blooded, frail
1
a: Breathe Fire, Renounce Religion, Minor Destruction, Lesser Servant of
Makhleb, Major Destruction, Greater Servant of Makhleb


You were on level 2 of the Orcish Mines.
You worshipped Makhleb.
Makhleb was extremely pleased with you.
You visited 4 branches of the dungeon, and saw 20 of its levels.
You also visited: Ossuary.

You collected 1484 gold pieces.
You spent 222 gold pieces at shops.

Inventory:

Hand Weapons
 a - a +0 falchion
 j - a +1 falchion of freezing
 r - a +4 scimitar of flaming (weapon)
Missiles
 c - 68 poisoned darts
 G - 4 throwing nets
 O - 2 curare-tipped darts
Armour
 u - an orb of light (worn)
 A - the +0 cloak "Han Kost" (worn) {-Cast Regen+ Dex+6}
   (You bought it in a shop on level 7 of the Dungeon)

   Dex:       It affects your dexterity (+6).
   -Cast:     It prevents spellcasting.
   Regen:     It increases your rate of health regeneration.
 D - a +2 cloak of stealth
 P - a +2 pair of boots (worn)
 Q - a +0 hat of intelligence (worn)
Jewellery
 f - a ring of magical power (right hand)
 k - the ring of Suxeg {Ice Drain Dex+6}
   (You took it off an orc on level 3 of the Dungeon)

   [ring of ice]

   It enhances your ice magic.
   Dex:       It affects your dexterity (+6).
   rF:        It makes you vulnerable to fire.
   rC:        It protects you from cold.
   Drain:     It drains your maximum health when unequipped.
 s - an amulet of guardian spirit (around neck)
 w - a ring of protection from cold (left hand)
 y - a +6 ring of intelligence
 M - a +6 ring of intelligence
 T - a ring of resist corrosion
Wands
 q - a wand of flame (10)
 I - a wand of iceblast (22)
 N - a wand of digging (1)
Scrolls
 b - 4 scrolls of immolation
 d - 7 scrolls of noise
 g - 6 scrolls of fog
 m - 3 scrolls of enchant armour
 n - 15 scrolls of identify
 o - 3 scrolls of amnesia {unknown}
 v - 7 scrolls of teleportation
 x - 2 scrolls of vulnerability
 E - 5 scrolls of fear {unknown}
 J - a scroll of torment {unknown}
 K - 3 scrolls of magic mapping {unknown}
 L - 3 scrolls of blinking {unknown}
 S - a scroll of summoning
Potions
 e - 5 potions of attraction
 h - 2 potions of invisibility {unknown}
 i - 2 potions of magic {unknown}
 l - a potion of cancellation
 p - a potion of curing
 t - 2 potions of mutation
 z - a potion of ambrosia {unknown}
 B - a potion of lignification
 C - 2 potions of haste
 F - 2 potions of flight {unknown}
 H - a potion of heal wounds
 R - a potion of berserk rage


   Skills:
 + Level 13.8 Fighting
 - Level 14.0 Long Blades
 - Level 12.3 Dodging
 - Level 1.7 Stealth
 + Level 13.5 Invocations


You had 13 spell levels left.
You didn't know any spells.
Your spell library contained the following spells:

 Spells                   Type           Power      Damage    Failure   Level
 Beastly Appendage        Tmut           0%         N/A       30%         1
 Freeze                   Ice            0%         1d3       30%         1
 Magic Dart               Conj           0%         1d3       30%         1
 Slow                     Hex            0%         N/A       30%         1
 Summon Small Mammal      Summ           0%         N/A       30%         1
 Ensorcelled Hibernation  Hex/Ice        0%         N/A       43%         2
 Searing Ray              Conj           0%         2d4       43%         2
 Wereblood                Tmut           0%         N/A       43%         2
 Call Canine Familiar     Summ           0%         N/A       67%         3
 Confusing Touch          Hex            0%         N/A       67%         3
 Frozen Ramparts          Ice            0%         1d2       67%         3
 Ignite Poison            Fire/Tmut/Pois 0%         N/A       67%         3
 Mephitic Cloud           Conj/Pois/Air  0%         N/A       67%         3
 Spider Form              Tmut/Pois      0%         N/A       67%         3
 Summon Guardian Golem    Hex/Summ       0%         N/A       67%         3
 Vampiric Draining        Necr           0%         2d6       67%         3
 Fulminant Prism          Conj/Hex       0%         3d6       97%         4
 Hailstorm                Conj/Ice       0%         3d3       97%         4
 Summon Ice Beast         Ice/Summ       0%         N/A       97%         4
 Blade Hands              Tmut           0%         N/A       100%        5
 Freezing Cloud           Conj/Ice/Air   0%         6-21      100%        5
 Summon Mana Viper        Hex/Summ       0%         N/A       100%        5
 Iron Shot                Conj/Erth      0%         9d1       100%        6
 Monstrous Menagerie      Summ           0%         N/A       100%        7
 Animate Armour           Summ/Erth      Unusable   N/A       N/A         4

Dungeon Overview and Level Annotations

Branches:
Dungeon (11/15)            Temple (1/1) D:7            Lair (6/6) D:11
  Swamp (0/4) Lair:2       Spider (0/4) Lair:4        Slime (0/5) Lair:6
    Orc (2/2) D:9             Elf (0/3) Orc:2       Ossuary (visited)

Altars:
Ashenzari
Cheibriados
Dithmenos
Elyvilon
Fedhas
Gozag
Hepliaklqana
Kikubaaqudgha
Makhleb
Nemelex Xobeh
Okawaru
Qazlal
Ru
Sif Muna
Trog
Uskayaw
Vehumet
Wu Jian
Xom
Yredelemnul
Zin
The Shining One
Jiyva

Shops:
D:4 *   D:7 [   D:9 *

Annotations:
D:4 Eustachio
Lair:3 1 runed translucent door, tzalcoatl's ghost, journeyman DrAE
Lair:4 2 runed translucent doors, Zonian's ghost, journeyman TeAE


Innate Abilities, Weirdness & Mutations

You can breathe blasts of fire.
Your fiery red scales are hard. (AC +8)
You cannot fit into any form of body armour.
Your flesh is heat resistant. (rF+)
You are cold-blooded and may be slowed by cold attacks.
You are frail. (-10% HP)


Message History

Makhleb accepts your kill.
You feel better.
The orc knight roars a battlecry!
The orcs go into a battle-frenzy!
You regained 12 hp, and now have 53/130 hp.
You slash the orc knight! You burn the orc knight.
The orc knight is moderately wounded.
The orc no longer looks unusually strong.
The cacodemon gestures at you.
Your cacodemon twists and deforms.
Your cacodemon gestures at the cacodemon.
The cacodemon twists and deforms.
The orc knight roars a battlecry!
The orcs go into a battle-frenzy!
You hit the orc knight. You burn the orc knight.
The orc knight is moderately wounded.
You closely miss the orc knight.
The centaur shouts!
Your tail-slap misses the orc knight.
The orc knight is moderately wounded.
You hear a shout!
The cacodemon barely misses your cacodemon.
The cacodemon hits your cacodemon!
Your cacodemon barely misses the cacodemon. x2
The orc knight completely misses you.
The orc knight roars a battlecry!
The orc warrior closely misses you.
You slice the orc knight!! You burn the orc knight!
The orc knight is severely wounded.
The orc warrior no longer looks unusually strong.
The cacodemon hits your cacodemon. x2
Your cacodemon barely misses the cacodemon.
Your cacodemon hits the cacodemon!
The orc knight roars a battlecry!
The orc warrior goes into a battle-frenzy!
You hit the orc knight but do no damage.
The orc knight is severely wounded.
The orc warrior hits you with a +0 mace!
The cacodemon hits your cacodemon.
The cacodemon barely misses your cacodemon.
The orc knight hits you with a +0 great mace!!
* * * LOW HITPOINT WARNING * * *
Your cacodemon hits the cacodemon! Your cacodemon hits the cacodemon.
You take 29 damage, and have 28/130 hp.
MASSIVE DAMAGE!!
You now have 6/33 mp.
You slash the orc knight! You burn the orc knight.
The orc knight is almost dead.
An orc warrior comes into view. It is wielding a +0 glaive.
The orc knight roars a battlecry!
The orc warrior goes into a battle-frenzy!
The orc warrior closely misses you.
The orc warrior shouts!
You slash the orc knight! You burn the orc knight.
You kill the orc knight!
Makhleb accepts your kill.
You feel better.
The orc knight no longer looks unusually strong.
The cacodemon hits your cacodemon. The cacodemon hits your cacodemon!
Your cacodemon dies!
Your cacodemon disappears in a puff of smoke!
The orc knight roars a battlecry!
The orc knight goes into a battle-frenzy!
You regained 7 hp, and now have 36/130 hp.
You slash the centaur! You burn the centaur.
The centaur is severely wounded.
The orc warrior completely misses you.
The centaur unwields a +0 shortbow.
The centaur closely misses you. The centaur completely misses you.
The cacodemon gestures at you.
Strange energies course through your body.
You feel frail.
You hit the centaur. You burn the centaur.
You tail-slap the centaur, but do no damage.
The centaur is almost dead.
The orc knight roars a battlecry!
The orc goes into a battle-frenzy!
You slash the centaur! You burn the centaur.
You kill the centaur!
Makhleb accepts your kill.
You feel better.
The orc warrior unwields a +0 broad axe.
The orc warrior wields a +0 arbalest.
The orc warrior shoots a bolt.
The bolt hits you.
You take 1 damage, and have 36/117 hp.
You now have 6/33 mp.
The orc warrior misses you. The cacodemon gestures at you.
You feel yourself slow down.
The orc warrior hits you from afar with a +0 glaive!
* * * LOW HITPOINT WARNING * * *
Things that are here:
a +0 vorpal quarterstaff; a +0 robe You take 10 damage, and have 26/117 hp.
You now have 5/33 mp.
You hit the orc warrior but do no damage.
You tail-slap the orc warrior.
The orc warrior is lightly wounded.
You have got your breath back.
The orc warrior barely misses you.
The orc warrior unwields a +0 arbalest.
The orc warrior wields a +0 broad axe.
The orc warrior hits you with a +0 broad axe!!
* * * LOW HITPOINT WARNING * * *
The orc warrior hits you from afar with a +0 glaive!!
You die...

## ##.## #.###.## #.#.##
##)## ##.### ##..# ##)####
# #2o#.#..# #@#coo..#
#o##co.#... #o##.o....#
coo.......# ..o.........
#....#...o.o.....#.
............##...#
#.......##...#..... ##
###..#...#o..............o


You could see a cacodemon (summoned, misshapen), 4 orc warriors, a centaur and 3
orcs.

Vanquished Creatures
  Jorgrun (Orc:2)
  Harold (D:8)
  A boulder beetle (Lair:6)
  8 hydras
  A catoblepas (Lair:5)
  Erica (D:8)
  2 two-headed ogres
  A deep troll shaman (Lair:6)
  6 death yaks
  Sonja (Lair:1)
  An orc knight (Orc:2)
  Pikel (D:9)
  An orc sorcerer (Orc:2)
  9 elephants (Lair:6)
  Joseph (D:7)
  5 black mambas
  12 cane toads
  10 komodo dragons
  2 rime drakes (Lair:6)
  Maggie (D:8)
  3 polar bears
  A slime creature (Lair:1)
  2 hornets (D:7)
  A troll (D:10)
  Prince Ribbit (D:6)
  4 dream sheep (Lair:6)
  15 blink frogs
  A vampire (D:11)
  A wyvern (D:8)
  47 yaks
  Grum (D:11)
  A basilisk (Lair:2)
  3 vampire mosquitoes (D:11)
  2 swamp worms (Lair:2)
  An acid dragon (D:11)
  4 wargs
  Duvessa (D:7)
  12 water moccasins
  9 orc warriors (Orc:2)
  4 ice beasts
  A sky beast (D:6)
  8 black bears
  22 wolves
  An ogre (Orc:2)
  7 centaurs
  4 lemures (D:9)
  4 kobold brigands
  2 elf zombies (Ossuary)
  6 bullfrogs
  A gnoll sergeant (D:8)
  A scorpion (D:5)
  A wyvern skeleton (D:7)
  Dowan (D:7)
  3 killer bees (D:11)
  12 wights
  4 howler monkeys
  An electric eel (Lair:6)
  A bullfrog zombie (D:6)
  Crazy Yiuf (D:7)
  A hound (D:6)
  8 jellies (Lair:1)
  A bullfrog skeleton (D:6)
  3 gnoll shamans
  An orc priest (D:7)
  A centaur skeleton (D:4)
  Ijyb (D:4)
  2 iguanas (D:6)
  9 orc wizards
  2 mummies (Ossuary)
  A hound skeleton (D:4)
  3 howler monkey zombies
  13 gnolls
  5 adders
  2 white imps
  4 adder zombies (Ossuary)
  30 orcs
  18 endoplasms
  2 giant cockroaches
  4 goblins
  6 hobgoblins
  3 jackals (D:5)
  2 quokkas
  4 bats
  A goblin zombie (D:7)
  11 hobgoblin zombies (Ossuary)
  17 kobolds
  8 kobold zombies (Ossuary)
  10 orc zombies (Ossuary)
  3 rats
  2 rat zombies
439 creatures vanquished.

Vanquished Creatures (collateral kills)
  Gastronok (Lair:3)
  A boulder beetle (Lair:2)
  Erolcha (Orc:2)
  A catoblepas (Lair:6)
  A death yak (Lair:6)
  A komodo dragon (Lair:3)
  4 yaks (Lair:3)
  2 ogres (Orc:2)
  An orc priest (Orc:2)
  2 orc wizards (Orc:2)
  4 orcs (Orc:2)
19 creatures vanquished.

Vanquished Creatures (others)
  24 fungi
  37 plants
61 creatures vanquished.

Grand Total: 519 creatures vanquished

Notes
Turn   | Place    | Note
-------+----------+-------------------------------------------
     0 | D:1      | SkeletonJelly the Draconian Monk began the quest for the
                  | Orb.
     0 | D:1      | Reached XP level 1. HP: 19/19 MP: 1/1
   631 | D:1      | Reached XP level 2. HP: 25/26 MP: 2/2
  1256 | D:2      | Reached XP level 3. HP: 18/33 MP: 3/3
  2011 | D:3      | Identified the ring of Suxeg {Ice Drain Dex+6}
  2018 | D:3      | Reached skill level 4 in Long Blades
  2587 | D:4      | Found Gozag's Platinum Reserve.
  2649 | D:4      | Reached XP level 4. HP: 27/40 MP: 4/4
  2876 | D:4      | Found an opulent altar of Gozag.
  2889 | D:4      | Noticed Eustachio
  2971 | D:4      | Noticed Ijyb
  2998 | D:4      | Killed Ijyb
  3154 | D:4      | Reached skill level 5 in Long Blades
  3154 | D:4      | Reached XP level 5. HP: 40/47 MP: 5/5
  3661 | D:5      | Entered Level 5 of the Dungeon
  3661 | D:5      | Noticed a water moccasin
  4012 | D:5      | HP: 2/105 [gnoll (6)]
  4022 | D:5      | Reached skill level 5 in Fighting
  4025 | D:5      | Reached XP level 6. HP: 23/56 MP: 1/6
  4244 | D:5      | Noticed a water moccasin
  4251 | D:5      | Gained mutation: Your spells are a little easier to cast,
                  | but a little less powerful. [potion of mutation]
  4251 | D:5      | Gained mutation: You are clumsy. (Dex -2) [potion of
                  | mutation]
  4251 | D:5      | Gained mutation: You are frail. (-10% HP) [potion of
                  | mutation]
  4261 | D:5      | Killed a water moccasin
  4262 | D:5      | Reached skill level 6 in Long Blades
  4266 | D:5      | Lost mutation: Your spells are a little easier to cast, but
                  | a little less powerful. [potion of mutation]
  4266 | D:5      | Lost mutation: You are frail. (-10% HP) [potion of
                  | mutation]
  4266 | D:5      | Lost mutation: You are clumsy. (Dex -2) [potion of
                  | mutation]
  4266 | D:5      | Gained mutation: Your flesh is heat resistant. (rF+)
                  | [potion of mutation]
  4483 | D:5      | Killed a water moccasin
  4710 | D:5      | Your scales start taking on a fiery red colour.
  4710 | D:5      | Reached XP level 7. HP: 42/62 MP: 4/7
  4710 | D:5      | Mutation became permanent: Your flesh is heat resistant.
                  | (rF+) [Red Draconian growth]
  4710 | D:5      | Gained mutation: Your flesh is heat resistant. (rF+) [Red
                  | Draconian growth]
  4984 | D:5      | Reached skill level 7 in Long Blades
  5574 | D:6      | Noticed Prince Ribbit
  5628 | D:5      | Reached skill level 8 in Long Blades
  5892 | D:6      | Reached XP level 8. HP: 55/71 MP: 8/8
  5995 | D:6      | Killed Prince Ribbit
  6189 | D:6      | HP: 3/69 [bullfrog zombie (4)]
  6190 | D:6      | HP: 1/69 [bullfrog zombie (3)]
  6194 | D:6      | Reached skill level 9 in Long Blades
  7027 | D:7      | Noticed Joseph
  7060 | D:7      | Found a sand-covered staircase.
  7067 | Ossuary  | Entered an ossuary
  7288 | Ossuary  | Reached skill level 10 in Long Blades
  7634 | D:7      | Noticed Duvessa
  7634 | D:7      | Noticed Dowan
  7648 | D:7      | Killed Duvessa
  7649 | D:7      | Reached XP level 9. HP: 57/81 MP: 9/9
  7652 | D:7      | Killed Dowan
  8846 | D:7      | Found a runed translucent door.
  8847 | D:7      | Noticed Crazy Yiuf
  9065 | D:7      | Found Roequ's Armour Shoppe.
  9074 | D:7      | Bought the +0 cloak "Han Kost" {-Cast Regen+ Dex+6} for 222
                  | gold pieces
  9089 | D:7      | Found a staircase to the Ecumenical Temple.
  9123 | D:7      | Killed Joseph
  9124 | D:7      | Reached skill level 11 in Long Blades
  9147 | Temple   | Entered the Ecumenical Temple
  9570 | Temple   | Became a worshipper of Makhleb the Destroyer
  9570 | Temple   | Reached * piety under Makhleb
  9570 | Temple   | Reached ** piety under Makhleb
 10313 | D:7      | Killed Crazy Yiuf
 10398 | D:8      | Noticed Erica
 10424 | D:8      | Killed Erica
 10425 | D:8      | Reached skill level 12 in Long Blades
 10434 | D:8      | Noticed Maggie
 10438 | D:8      | Killed Maggie
 10439 | D:8      | Reached XP level 10. HP: 91/91 MP: 10/10
 10967 | D:8      | Noticed Harold
 11198 | D:9      | Reached skill level 5 in Dodging
 11205 | D:9      | Noticed a two-headed ogre
 11230 | D:8      | Killed a two-headed ogre
 11231 | D:8      | Reached skill level 13 in Long Blades
 11587 | D:9      | Found a staircase to the Orcish Mines.
 11609 | D:9      | Noticed Pikel
 11616 | D:9      | Killed Pikel
 11710 | D:9      | Found Cemn's Assorted Antiques.
 11750 | D:9      | Reached skill level 14 in Long Blades
 11753 | D:9      | Reached XP level 11. HP: 74/97 MP: 11/11
 12100 | D:8      | Killed Harold
 12411 | D:10     | Entered Level 10 of the Dungeon
 12564 | D:10     | Reached *** piety under Makhleb
 12732 | D:10     | Reached skill level 1 in Invocations
 13179 | D:11     | Noticed Grum
 13192 | D:11     | Killed Grum
 13307 | D:11     | Reached skill level 5 in Invocations
 13330 | D:11     | Noticed a two-headed ogre
 13339 | D:11     | Killed a two-headed ogre
 13837 | D:11     | Found a staircase to the Lair.
 13848 | Lair:1   | Entered Level 1 of the Lair of Beasts
 13877 | Lair:1   | Noticed a seven-headed hydra
 13891 | Lair:1   | Killed a four-headed hydra
 13947 | Lair:1   | Reached **** piety under Makhleb
 14036 | Lair:1   | Noticed Sonja
 14047 | Lair:1   | Killed Sonja
 14054 | Lair:1   | Reached skill level 10 in Fighting
 14088 | Lair:1   | Reached XP level 12. HP: 36/106 MP: 7/18
 14557 | Lair:1   | Noticed a seven-headed hydra
 14573 | Lair:1   | Killed a two-headed hydra
 15030 | Lair:2   | Noticed a boulder beetle
 15051 | Lair:2   | Killed a boulder beetle
 15480 | Lair:2   | Noticed a five-headed hydra
 15486 | Lair:2   | Killed a one-headed hydra
 15910 | Lair:2   | Found a staircase to the Swamp.
 16057 | Lair:3   | Noticed Gastronok
 16067 | Lair:3   | Killed Gastronok
 16099 | Lair:3   | Reached skill level 10 in Dodging
 16475 | Lair:3   | Found a runed translucent door.
 16478 | Lair:3   | Identified the +7 trident of Tenacity {venom, rPois rC+
                  | rCorr Stlth+}
 16478 | Lair:3   | Noticed tzalcoatl's ghost (journeyman DrAE)
 16626 | Lair:3   | Noticed a five-headed hydra
 16633 | Lair:3   | Killed a one-headed hydra
 16955 | Lair:4   | Noticed a seven-headed hydra
 16956 | Lair:4   | Reached XP level 13. HP: 118/118 MP: 19/19
 17029 | Lair:4   | Reached ***** piety under Makhleb
 17100 | Lair:4   | Found a runed translucent door.
 17104 | Lair:4   | Found a shimmering altar of Xom.
 17104 | Lair:4   | Noticed Zonian's ghost (journeyman TeAE)
 17166 | Lair:4   | Found a hole to the Spider Nest.
 17597 | Lair:4   | Found a runed translucent door.
 18642 | Lair:6   | Entered Level 6 of the Lair of Beasts
 18740 | Lair:5   | Reached skill level 10 in Invocations
 19290 | Lair:6   | Found a viscous altar of Jiyva.
 19291 | Lair:6   | Found a staircase to the Slime Pits.
 19727 | Lair:6   | Reached XP level 14. HP: 107/127 MP: 20/23
 20351 | Orc:1    | Entered Level 1 of the Orcish Mines
 20445 | Orc:2    | Entered Level 2 of the Orcish Mines
 20445 | Orc:2    | Noticed Erolcha
 20454 | Orc:2    | Killed Erolcha
 20553 | Orc:2    | Found a staircase to the Elven Halls.
 20623 | Orc:2    | Noticed Jorgrun
 20800 | Orc:2    | Noticed a cacodemon
 20808 | Orc:2    | Killed Jorgrun
 20816 | Orc:2    | Gained mutation: You are frail. (-10% HP) [a cacodemon]
 20820 | Orc:2    | Demolished by an orc warrior

Illustrated notes

Levels and vault maps discovered:
D:1:      tarquinn_simple_flora_water_e, layout_loops_ring
D:2:      layout_loops_corners, nicolae_concentric_dashed_squares_mild
D:3:      layout_loops_ring
D:4:      layout_gridville, nicolae_gozag_zags_fifth_avenue,
          kennysheep_windowed_goal, uniq_eustachio, uniq_ijyb
D:5:      nicolae_cairo_tiling_large, layout_loops_ring, corexii_hall_statues_t
D:6:      layout_rooms, grunt_ministairs_15, kennysheep_crisscross,
          grunt_tough_drop, uniq_prince_ribbit1
D:7:      layout_layer_cave, minmay_temple_entry_overgrown, serial_shops,
          nicolae_shop_trees, enter_ossuary_4, uniq_joseph, uniq_duvessa,
          uniq_crazy_yiuf_cottage
D:8:      hellmonk_warped_wall, layout_basic, uniq_harold, uniq_erica,
          uniq_maggie
D:9:      layout_gridville, minmay_orc_entry_guard_dogs, serial_shops, shop,
          uniq_pikel
D:10:     layout_cave_pools
D:11:     layout_gridville, david_lair_shrubbed, uniq_grum
Temple:   mainiacjoe_temple_trianglar_array
Lair:1:   lemuel_slime, layout_gridlike, infiniplex_staircase_pool_2, uniq_sonja
Lair:2:   layout_chaotic_city, minmay_swamp_entry_worms, minivault_25,
          beast_lair_carwin_10, serial_bayou_shore_a, serial_bayou_shore_b
Lair:3:   layout_chaotic_city, ebering_ghost_funeral_grove, uniq_gastronok
Lair:4:   gammafunk_indiana_jones, layout_gridlike, spider_nest_entry_web_field,
          ebering_ghost_xom, grunt_megastairs_3, serial_bayou_shore_b
Lair:5:   layout_small_grid, grunt_forest_small_clearing_treed
Lair:6:   grunt_lair_end_beastmaster, layout_cave_pods, slime_altar_1,
          chequers_serial_rivers_micro_b, grunt_megastairs_4,
          infiniplex_staircase_pool
Orc:1:    layout_caves
Orc:2:    st_orc_rangers, layout_caves, uniq_erolcha, uniq_jorgrun

Skill      XL: |  1  2  3  4  5  6  7  8  9 10 11 12 13 14 |
---------------+-------------------------------------------+-----
Long Blades    | 4 5 6 8 10 12 14 | 14.0
Fighting       | 4 5 6 8 9 10 12 13 | 13.8
Dodging        | 4 6 8 11 12 | 12.3
Invocations    | 8 12 13 | 13.5
Stealth        | |  1.7

Action                   |  1- 3 |  4- 6 |  7- 9 | 10-12 | 13-15 || total
-------------------------+-------+-------+-------+-------+-------++-------
Melee: Falchion          |   109 |   129 |   332 |       |       ||   570
       Tailslap          |    10 |    15 |    58 |   118 |   106 ||   307
       Scimitar          |       |       |     2 |   552 |   471 ||  1025
Throw: Dart              |       |       |     9 |       |       ||     9
Invok: Lesser Servant of |       |       |       |     7 |     4 ||    11
       Greater Servant o |       |       |       |       |     2 ||     2
 Abil: Breathe Fire      |       |       |    13 |     6 |     2 ||    21
Evoke: Wand              |       |     7 |       |     1 |     2 ||    10
  Use: Potion            |       |    10 |     2 |     1 |     1 ||    14
       Scroll            |       |       |     6 |     3 |     1 ||    10
 Stab: Sleeping          |     5 |       |       |       |       ||     5
       Distracted        |       |       |       |     4 |     5 ||     9
       Petrified         |       |       |       |       |     2 ||     2
Armor: Skin              |    22 |    89 |   112 |   115 |   166 ||   504
Dodge: Dodged            |    64 |    92 |   205 |   405 |   566 ||  1332

Table legend: (Time is in decaauts)
 A = Elapsed time spent in this place.
 B = Non-inter-level travel time spent in this place.
 C = Inter-level travel time spent in this place.
 D = Time resting spent in this place.
 E = Time spent auto-exploring this place.
 F = Levels seen in this place.
 G = Mean time per level.
                   A        B        C        D        E       F      G
               +--------+--------+--------+--------+--------+-----+--------+
         Total |  20517 |  19644 |    873 |     10 |  16397 |  21 |  977.0 |
       Dungeon |  12974 |  12373 |    601 |      4 |  10493 |  11 | 1179.5 |
        Temple |    444 |    396 |     48 |      0 |    394 |   1 |  444.0 |
          Lair |   6138 |   5923 |    215 |      0 |   4875 |   6 | 1023.0 |
  Orcish Mines |    450 |    442 |      8 |      6 |    310 |   2 |  225.0 |
       Ossuary |    510 |    510 |      0 |      0 |    324 |   1 |  510.0 |
               +--------+--------+--------+--------+--------+-----+--------+

Top non-repeatable levels by time:
     D:7: 2097 daAuts
     D:6: 1867 daAuts
     D:5: 1777 daAuts
  Lair:6: 1364 daAuts
     D:8: 1127 daAuts
     D:4: 1040 daAuts
  Lair:1: 1025 daAuts
  Lair:2: 1024 daAuts
     D:2: 969 daAuts
     D:9: 957 daAuts
  Lair:4: 948 daAuts
  Lair:5: 934 daAuts
    D:11: 898 daAuts
     D:3: 872 daAuts
  Lair:3: 840 daAuts
